[Event "TUR-ch Veterans 2020"]
[Site "Antalya-Belek"]
[Date "2020.01.21"]
[Round "4"]
[White "Buker, Muhittin"]
[Black "Tasan, Mehmet Askin"]
[Result "1-0"]
[ECO "E18"]
[WhiteElo "2008"]
[BlackElo "1877"]
[Annotator "NA"]
[PlyCount "84"]
[EventDate "2020.01.19"]
[EventCountry "TUR"]
[SourceTitle "playchess.com"]
[Source "ChessBase"]
[SourceQuality "1"]
[TimeControl "5400+30"]

1. d4 Nf6 2. c4 e6 3. Nf3 b6 4. g3 Bb7 5. Bg2 Be7 6. O-O O-O 7. Nc3 d6 8. b3 {[%emt 0:05:30] E18: Queen's Indian: Old Main Line (4 g3 Bb7 5 Bg2 Be7 6 0-0 0-0 7 Nc3)} Nbd7 (8... Ne4 9. Bb2 Nd7 10. Nxe4 Bxe4 11. Ne1 Bxg2 12. Nxg2 Bf6 13. Qc2 Qe7 14. Rad1 c5 15. Ne3 Rac8 16. Qb1 Rfd8 17. Rd2 Bg5 18. f4 Bf6 19. Rfd1 cxd4 20. Bxd4 Bxd4 21. Rxd4 {½-½ (80) Berczes,D (2478)-Martinovici,I (2405) Budapest 2019}) 9. d5 e5 10. Qc2 $146 ({Predecessor:} 10. Bb2 Re8 11. e4 Nc5 12. Qc2 a5 13. Nd2 Bc8 14. a3 Na6 15. Nb5 {1-0 (39) Daeubler,H (2156)-Neumann,E (1852) Binz 2018}) 10... c6 11. e4 Rc8 12. Bb2 b5 13. dxc6 Bxc6 14. Nd2 Qb6 15. Rac1 a6 16. Qb1 b4 17. Nd5 Bxd5 18. cxd5 Rxc1 19. Bxc1 Nc5 20. Nc4 Qc7 21. Be3 a5 22. f3 Ra8 23. Rc1 Nfd7 24. Nb2 Qb8 25. Qc2 $16 Bd8 26. Bh3 Bb6 27. Kh1 Ra7 28. Nc4 Bd8 29. Nxd6 Qxd6 30. Bxc5 Nxc5 31. Qxc5 Qxc5 32. Rxc5 Kf8 33. d6 Ra6 34. Rd5 Rc6 35. Bd7 Rc1+ 36. Kg2 f6 37. f4 Rc2+ 38. Kh3 exf4 39. gxf4 Bb6 40. Rb5 Bg1 41. Be6 Rxh2+ 42. Kg3 g5 1-0

[Event "TUR-ch Veterans 2020"]
[Site "Antalya-Belek"]
[Date "2020.01.21"]
[Round "4"]
[White "Muratoglu, Salih"]
[Black "Cicek, Cemil"]
[Result "1/2-1/2"]
[ECO "D37"]
[WhiteElo "1967"]
[BlackElo "1940"]
[Annotator "NA"]
[PlyCount "108"]
[EventDate "2020.01.19"]
[EventCountry "TUR"]
[SourceTitle "playchess.com"]
[Source "ChessBase"]
[SourceQuality "1"]
[TimeControl "5400+30"]

1. d4 d5 2. Nf3 Nf6 3. c4 e6 4. e3 Be7 5. Nc3 O-O 6. Be2 b6 7. cxd5 {[%emt 0:00:30] D37: Queen's Gambit Declined: 5 Bf4} exd5 8. O-O Be6 (8... Bb7 9. Ne5 Nbd7 10. f4 Ne4 11. Nxe4 dxe4 12. Bc4 Nxe5 13. fxe5 Bd5 14. Qb3 c6 15. Bd2 f6 16. Rf5 Qd7 {1-0 (50) Sarana,A (2655)-Khademalsharieh,S (2491) Cap d'Agde 2019}) 9. Ne5 c5 $146 ({Predecessor:} 9... Nfd7 10. f4 f5 11. Bf3 Nxe5 12. dxe5 c6 13. Bd2 Na6 14. Rc1 Nc5 {1-0 (31) Urbanc,P (2224)-Skalic,A (1923) Radenci 2019}) 10. f4 a6 11. Bf3 cxd4 12. exd4 Qd6 13. Qd3 Nc6 14. a3 Rfd8 (14... Rae8 $142) 15. Be3 g6 16. Rac1 Bf5 17. Qe2 Na5 (17... Rac8 $142 18. Qxa6 Qe6 19. Qxb6 Nxe5 20. dxe5 d4 21. Qxe6 (21. Bxd4 Rxd4 22. Qxe6 Bxe6 $16) 21... fxe6) 18. g4 Be4 19. Bxe4 Nxe4 20. Nxe4 dxe4 21. Qc2 f6 22. Nc4 Nxc4 23. Qxc4+ Kg7 24. Qc6 Qxc6 25. Rxc6 Rd6 26. Rfc1 Rad8 27. b4 b5 28. Rc7 R8d7 29. R7c6 Kf7 30. Kg2 f5 31. gxf5 gxf5 32. R1c5 Rg6+ 33. Rxg6 Bxc5 34. Rxa6 Bxd4 35. Bxd4 Rxd4 36. Ra5 Rd2+ 37. Kg3 Kg6 38. Ra6+ Kf7 (38... Kh5 $17 39. h3 Rd3+ 40. Kg2 Rf3) 39. Ra5 Ke6 40. Rxb5 Rd3+ 41. Kh4 Rxa3 {[%emt 0:02:30] [#]} 42. Kg5 $1 h6+ $18 ({Black should try} 42... Rh3 $1 $14) 43. Kg6 Rh3 44. Re5+ Kd6 45. Kxf5 e3 46. Kg4 Rxh2 47. Rxe3 h5+ 48. Kg5 h4 49. Kg4 Rh1 50. f5 Rf1 51. Re6+ Kd5 52. Re3 h3 53. Rxh3 Ke4 54. Rb3 Rf4+ 1/2-1/2

[Event "TUR-ch Veterans 2020"]
[Site "Antalya-Belek"]
[Date "2020.01.21"]
[Round "4"]
[White "Guner, Bulent"]
[Black "Ozveren, Ali Bulent"]
[Result "1-0"]
[ECO "D93"]
[WhiteElo "1964"]
[BlackElo "1850"]
[Annotator "NA"]
[PlyCount "125"]
[EventDate "2020.01.19"]
[EventCountry "TUR"]
[SourceTitle "playchess.com"]
[Source "ChessBase"]
[SourceQuality "1"]
[TimeControl "5400+30"]

1. Nf3 d5 2. d4 Nf6 3. c4 c6 4. Nc3 g6 5. Bf4 Bg7 6. e3 O-O 7. h3 Nbd7 (7... c5 $5) 8. Be2 b6 {[%emt 0:06:30] D93: Grünfeld: 4 Nf3 Bg7 5 Bf4 0-0 6 e3} (8... dxc4 $11 {keeps the balance.} 9. Bxc4 c5 (9... b5 10. Be2 b4 11. Na4 Nd5 12. Bh2 Qa5 13. O-O Ba6 14. Bxa6 Qxa6 15. a3 Qb5 16. Rc1 bxa3 17. bxa3 {½-½ (40) Radovanovic,N (2398)-Pezelj,N (2452) Banja Vrujci 2017})) 9. O-O Bb7 10. cxd5 Nxd5 11. Nxd5 cxd5 12. Rc1 Rc8 13. Qd2 $146 ({Predecessor:} 13. Qa4 a5 14. Bb5 Nb8 15. Ne5 Bxe5 16. Bxe5 {1-0 (33) Da Silva,A (2029)-Pereira Fo,H (1755) Natal 2016}) 13... e5 14. Rxc8 Qxc8 15. dxe5 Nc5 16. Rc1 Qd7 17. Nd4 Ne4 (17... Rc8 $16 18. Bg4 Ne6 19. Rxc8+ Bxc8) 18. Qd1 Rc8 19. Bg4 $16 Rxc1 20. Qxc1 Qe7 21. Bc8 Nc5 22. Bxb7 Qxb7 23. b4 Nd3 24. Qc6 Qxc6 25. Nxc6 Bf8 26. b5 Nc1 27. a4 Ne2+ 28. Kf1 Nc3 29. Nxa7 Nxa4 30. Ke2 Nc5 31. g4 Ne6 32. Bg3 Bc5 33. f4 Kf8 34. Kd3 Ke8 35. e4 dxe4+ 36. Kxe4 Kd7 37. h4 Ng7 38. Nc6 h5 39. gxh5 Nxh5 40. Be1 Ng7 41. Nb4 Ke6 42. Nd5 Nf5 43. Nc7+ Kd7 44. Na6 Bg1 45. h5 Ke6 46. Nc7+ Kd7 47. Nd5 Bc5 48. hxg6 fxg6 49. Bc3 Ke6 50. Nb4 Kd7 51. Nc6 Kc7 52. Nd4 Bxd4 53. Bxd4 Ne7 54. Be3 Nc8 55. Kf3 Na7 56. Kg4 Nxb5 57. Kg5 Nc3 58. Kxg6 Kd7 59. Kf7 Nd5 60. Bd2 Nc7 61. f5 b5 62. e6+ Kc8 63. f6 1-0

[Event "TUR-ch Veterans 2020"]
[Site "Antalya-Belek"]
[Date "2020.01.21"]
[Round "4"]
[White "Ozmen, Halil Nejat"]
[Black "Altin, Halis"]
[Result "1/2-1/2"]
[ECO "E12"]
[WhiteElo "1789"]
[BlackElo "1551"]
[Annotator "NA"]
[PlyCount "53"]
[EventDate "2020.01.19"]
[EventCountry "TUR"]
[SourceTitle "playchess.com"]
[Source "ChessBase"]
[SourceQuality "1"]
[TimeControl "5400+30"]

1. d4 Nf6 2. Bg5 e6 3. Nf3 Be7 4. e3 d5 5. c4 Nbd7 6. Nc3 O-O 7. Bd3 dxc4 8. Bxc4 b6 9. O-O Bb7 10. Qe2 Rc8 11. Rfd1 Ne4 12. Bxe7 Qxe7 13. Ba6 Nxc3 14. bxc3 Bxf3 15. Qxf3 Rcd8 16. a4 c5 17. a5 cxd4 18. cxd4 Nf6 19. axb6 axb6 20. Rdb1 Qd6 21. h3 Nd5 22. Bb7 Qc7 23. Bxd5 Rxd5 24. Rb3 g6 25. Rab1 Rb8 26. Qe2 Ra5 27. Qd2 1/2-1/2

[Event "TUR-ch Veterans 2020"]
[Site "Antalya-Belek"]
[Date "2020.01.21"]
[Round "4"]
[White "Sedef, Emin"]
[Black "Yilmaz, Turhan"]
[Result "0-1"]
[ECO "A48"]
[WhiteElo "1619"]
[BlackElo "2132"]
[Annotator "ChessBase"]
[PlyCount "88"]
[EventDate "2020.01.19"]
[EventCountry "TUR"]
[SourceTitle "playchess.com"]
[Source "ChessBase"]
[SourceQuality "1"]
[TimeControl "5400+30"]

1. d4 Nf6 2. Nf3 g6 3. Bg5 h6 4. Bxf6 exf6 5. Nbd2 f5 6. e3 Bg7 7. Bd3 O-O 8. O-O d6 9. c3 c5 10. a3 Qc7 11. Rc1 Nd7 12. b4 b6 13. Qb3 Bb7 14. d5 Nf6 15. c4 Rfe8 16. h3 Re7 17. Qb1 Rae8 18. Rfe1 Ne4 19. Bxe4 fxe4 20. Nh2 Bc8 21. b5 h5 22. a4 h4 23. Qc2 f5 24. Qd1 Bf6 25. f4 exf3 26. Qxf3 Rxe3 27. Rxe3 Rxe3 28. Qf1 Qe7 29. Ndf3 g5 30. Re1 g4 31. Rxe3 Qxe3+ 32. Kh1 gxf3 33. Nxf3 Bd7 34. Qb1 Kg7 35. a5 Qc3 36. axb6 axb6 37. Qa2 Qa1+ 38. Qxa1 Bxa1 39. Nxh4 f4 40. Kg1 Kf6 41. Kf2 Ke5 42. Kf3 Bf5 43. Nxf5 Kxf5 44. h4 Be5 0-1

[Event "TUR-ch Veterans 2020"]
[Site "Antalya-Belek"]
[Date "2020.01.21"]
[Round "4"]
[White "Atas, Remzi"]
[Black "Yuksel, Mustafa"]
[Result "1/2-1/2"]
[ECO "E11"]
[WhiteElo "1498"]
[BlackElo "2004"]
[Annotator "NA"]
[PlyCount "55"]
[EventDate "2020.01.19"]
[EventCountry "TUR"]
[SourceTitle "playchess.com"]
[Source "ChessBase"]
[SourceQuality "1"]
[TimeControl "5400+30"]

1. d4 Nf6 2. Nf3 e6 3. c4 Bb4+ 4. Bd2 Qe7 5. Nc3 Bxc3 6. Bxc3 Ne4 7. Qc2 f5 {[%emt 0:00:00] E11: Bogo-Indian} (7... Nxc3 8. Qxc3 d6 9. g3 O-O 10. Bg2 Re8 11. O-O e5 12. dxe5 dxe5 13. Nd2 Nd7 14. b4 Nf6 15. Ne4 Nxe4 16. Bxe4 c6 17. Rfd1 Bg4 18. Rd2 {0-1 (27) Sargissian,G (2671)-Tkachiev,V (2649) Khanty-Mansiysk 2013}) 8. e3 b6 9. g3 Bb7 10. Bg2 Nxc3 11. Qxc3 d6 12. O-O $146 ({Predecessor:} 12. h4 Nd7 13. O-O-O Be4 14. Ne1 Bxg2 15. Nxg2 {0-1 (40) Michalek,B (2004)-Kozlova,O (2254) Germany 2009}) 12... O-O 13. Rfe1 Nd7 14. Rad1 Be4 15. Nd2 Bxg2 16. Kxg2 e5 17. f4 e4 18. Rh1 c6 19. Rdg1 d5 20. Kf2 Rac8 21. Rc1 Nf6 22. h3 Rfd8 23. b3 Kh8 24. a4 a5 $11 (24... c5 $17 25. Rhe1 cxd4 26. exd4 Kg8) 25. c5 Qa7 26. cxb6 Qxb6 27. Qc5 Qa6 28. Rc3 1/2-1/2

[Event "TUR-ch Veterans 2020"]
[Site "Antalya-Belek"]
[Date "2020.01.21"]
[Round "4"]
[White "Odabasi, Nail"]
[Black "Topaloglu, Hayati"]
[Result "1/2-1/2"]
[ECO "D00"]
[WhiteElo "1458"]
[BlackElo "1750"]
[Annotator "NA"]
[PlyCount "63"]
[EventDate "2020.01.19"]
[EventCountry "TUR"]
[SourceTitle "playchess.com"]
[Source "ChessBase"]
[SourceQuality "1"]
[TimeControl "5400+30"]

1. d4 d5 2. Nc3 Nf6 3. Bf4 e6 4. e3 c6 5. Bd3 Bb4 6. h3 Nbd7 7. Nge2 a6 8. O-O Qe7 9. a3 Bd6 10. e4 dxe4 11. Nxe4 Nxe4 12. Bxe4 Nf6 13. Bd3 Bxf4 14. Nxf4 Qd6 15. Ne2 b6 16. c3 Bb7 17. Re1 O-O 18. Ng3 g6 19. Qc2 Rad8 20. Rad1 Rfe8 21. Ne4 Nxe4 22. Bxe4 Kg7 23. Bf3 Re7 24. Qe2 f6 25. c4 Qc7 26. d5 cxd5 27. cxd5 e5 28. d6 Rxd6 29. Rxd6 Qxd6 30. Bxb7 Rxb7 31. Qxa6 Rd7 32. Qe2 1/2-1/2

[Event "TUR-ch Veterans 2020"]
[Site "Antalya-Belek"]
[Date "2020.01.22"]
[Round "5"]
[White "Yilmaz, Turhan"]
[Black "Tofan, Ibrahim"]
[Result "1-0"]
[ECO "A05"]
[WhiteElo "2132"]
[BlackElo "2082"]
[Annotator "NA"]
[PlyCount "137"]
[EventDate "2020.01.19"]
[EventCountry "TUR"]
[SourceTitle "playchess.com"]
[Source "ChessBase"]
[SourceQuality "1"]
[TimeControl "5400+30"]

1. e4 e5 2. Nf3 Nf6 3. Nc3 Nc6 4. g3 g6 5. Bg2 Bg7 6. O-O O-O 7. d3 d6 8. h3 Be6 {[%emt 0:00:30] A05: Réti Opening: 1 Nf3 Nf6} (8... Ne8 9. Nd5 Be6 10. c3 Qc8 11. Kh2 h6 12. d4 exd4 13. Nxd4 Bxd5 14. exd5 Nxd4 15. cxd4 c5 16. dxc6 bxc6 {1-0 (91) Safarli,E (2660)-Amin,B (2652) Tromsoe 2013}) 9. Ng5 Qd7 10. Nxe6 fxe6 11. Be3 $146 ({Predecessor:} 11. Bd2 Rf7 12. h4 Qe7 13. Bh3 h6 14. Qe2 Nd4 15. Qd1 {1-0 (36) Sousa,R-Ramos,D Barreiro 2003}) 11... Nd4 12. Ne2 Nxe2+ 13. Qxe2 Nh5 14. Rad1 Qf7 15. Qg4 Rae8 16. c3 b6 17. d4 exd4 18. cxd4 c5 19. b3 Rc8 20. dxc5 dxc5 21. Rd6 Rfe8 22. Rfd1 Bf8 23. R6d2 c4 24. bxc4 Rxc4 (24... Nf6 $16 25. Qf3 e5) 25. Qe2 Rc7 26. Qb5 Ng7 $16 27. h4 Bc5 28. Rd7 Rxd7 29. Rxd7 Re7 30. Rd8+ Re8 31. Rd7 Re7 32. Rxe7 Qxe7 33. Bxc5 bxc5 34. Qb8+ Kf7 35. Bf1 Ne8 36. Qf4+ Qf6 37. Qb8 Qe7 38. Qb5 Qc7 39. Qe2 Nd6 40. Qf3+ Ke7 41. Qf4 c4 42. e5 Nf7 43. Bxc4 Qxe5 44. Qd2 Nd6 45. Bb3 Nf5 46. Qb4+ Qd6 47. Qe4 Nd4 48. Bc4 Kf6 49. Qa8 Nf5 50. Qxa7 Nxg3 51. fxg3 Qxg3+ 52. Kf1 Qh3+ 53. Ke2 Qg4+ 54. Kd3 Qd1+ 55. Kc3 Qe1+ 56. Kb3 Qg3+ 57. Kb4 Qe1+ 58. Kb5 Qxh4 59. Qc5 Qe4 60. a4 Qb1+ 61. Kc6 Qb8 62. a5 g5 63. a6 Qa8+ 64. Kc7 g4 65. Qf2+ Kg5 66. a7 e5 67. Qc5 Qh8 68. Qe7+ Kf4 69. Bd5 1-0

[Event "TUR-ch Veterans 2020"]
[Site "Antalya-Belek"]
[Date "2020.01.22"]
[Round "5"]
[White "Pekun, Cem"]
[Black "Atas, Remzi"]
[Result "1-0"]
[ECO "E81"]
[WhiteElo "2061"]
[BlackElo "1498"]
[Annotator "NA"]
[PlyCount "83"]
[EventDate "2020.01.19"]
[EventCountry "TUR"]
[SourceTitle "playchess.com"]
[Source "ChessBase"]
[SourceQuality "1"]
[TimeControl "5400+30"]

1. d4 Nf6 2. c4 g6 3. Nc3 Bg7 4. e4 d6 5. f3 O-O 6. Be3 c6 7. Bd3 e5 {[%emt 0:00:30] E81: King's Indian: Sämisch: 6th move deviations (including 6 Be3 c6)} (7... a6 8. c5 Nbd7 9. cxd6 exd6 10. Nge2 Re8 11. O-O b5 12. Qd2 Bb7 13. Bh6 Bh8 14. Rae1 c5 15. d5 Ne5 {0-1 (41) Lenic,L (2656)-Shimanov,A (2626) chess.com INT 2018}) 8. dxe5 dxe5 9. Nge2 Be6 10. O-O Na6 11. a3 Qe7 12. b4 Rfd8 13. Qc2 $1 Rd7 $146 ({Predecessor:} 13... b6 14. Rfd1 Nc7 15. Rac1 {1-0 (45) Neese,H (2131)-Grigat,K (1956) Niedrhausen 2016}) 14. Rfd1 Nh5 15. g3 Nc7 16. Nc1 b6 17. c5 b5 18. Nb3 Bxb3 19. Qxb3 Rad8 20. Bf1 Ne6 21. Rxd7 Rxd7 22. Qa2 Nd4 23. Kf2 $15 (23. a4 $11 bxa4 24. Kg2) 23... g5 24. a4 g4 25. axb5 Qf6 26. Be2 gxf3 27. Bf1 cxb5 28. Nd5 Qc6 29. Bh3 Ne6 30. Qa6 Qxa6 31. Rxa6 Nf6 32. c6 Nxe4+ 33. Kxf3 N4g5+ 34. Bxg5 Rxd5 35. Bxe6 fxe6 36. c7 Rd3+ 37. Ke2 Rc3 38. Rxa7 Bf8 39. Be3 Rc6 40. Rb7 Kh8 41. Bc5 Bxc5 42. bxc5 1-0

[Event "TUR-ch Veterans 2020"]
[Site "Antalya-Belek"]
[Date "2020.01.22"]
[Round "5"]
[White "Cetinkaya, Vedat Ali"]
[Black "Buker, Muhittin"]
[Result "1-0"]
[ECO "D46"]
[WhiteElo "2026"]
[BlackElo "2008"]
[Annotator "NA"]
[PlyCount "105"]
[EventDate "2020.01.19"]
[EventCountry "TUR"]
[SourceTitle "playchess.com"]
[Source "ChessBase"]
[SourceQuality "1"]
[TimeControl "5400+30"]

1. d4 d5 2. Nf3 Nf6 3. c4 e6 4. e3 c6 5. Bd3 Bd6 6. O-O Nbd7 7. Nc3 dxc4 8. Bxc4 b5 9. Bd3 a6 10. e4 e5 11. Ne2 O-O 12. Qc2 c5 13. dxe5 Nxe5 14. Nxe5 Bxe5 15. Rd1 Bxh2+ $2 ({Black should play} 15... Ng4 $17 16. h3 {[#]} Nxf2 $1 17. Kxf2 c4 18. Bxc4 Qf6+ 19. Kg1 bxc4) 16. Kxh2 c4 17. Bxc4 Ng4+ 18. Kg3 Qb6 $14 19. Nd4 bxc4 20. f3 Ne5 21. Be3 a5 22. Kf2 Nd3+ 23. Kg1 Qf6 24. b3 Nb4 25. Qxc4 Ba6 26. Qc5 Bb7 27. Nf5 Nc6 28. Rac1 Rad8 29. Nd6 Qe7 30. Rd2 Ba8 31. Rcd1 h6 32. Qh5 Qf6 33. Bc5 Rd7 34. Ne8 Rxe8 35. Rxd7 Re5 36. Qg4 Rxc5 37. Rc7 Kh7 38. f4 h5 39. e5 hxg4 40. exf6 gxf6 41. Kh2 Kg6 42. Rdd7 Rh5+ 43. Kg3 Rh8 44. Kxg4 Rf8 45. a3 f5+ 46. Kg3 Nd8 47. Rc8 Be4 48. Rdxd8 Rxd8 49. Rxd8 Kf6 50. Rd6+ Ke7 51. Ra6 Bc2 52. Rxa5 Bxb3 53. Rxf5 1-0

[Event "TUR-ch Veterans 2020"]
[Site "Antalya-Belek"]
[Date "2020.01.22"]
[Round "5"]
[White "Yuksel, Mustafa"]
[Black "Odabasi, Nail"]
[Result "1-0"]
[ECO "D06"]
[WhiteElo "2004"]
[BlackElo "1458"]
[Annotator "NA"]
[PlyCount "75"]
[EventDate "2020.01.19"]
[EventCountry "TUR"]
[SourceTitle "playchess.com"]
[Source "ChessBase"]
[SourceQuality "1"]
[TimeControl "5400+30"]

1. d4 d5 2. Nf3 Bf5 3. c4 e6 4. Nc3 Nf6 5. Qb3 dxc4 (5... Nc6 6. cxd5 exd5 7. Bg5 Na5 8. Qa4+ c6 9. Bxf6 gxf6 10. e3 Qb6 11. O-O-O O-O-O 12. Bd3 Bg6 13. Qc2 Nc4 {½-½ (28) Wojtaszek,R (2744)-Grischuk,A (2810) Beijing 2014}) 6. Qxb7 {[%emt 0:08:30] D06: Queen's Gambit: Symmetrical and Baltic Defences} Nbd7 7. Qc6 Bb4 8. Qxc4 Bxc3+ 9. bxc3 O-O 10. e3 $146 ({Predecessor:} 10. Ba3 Re8 11. e3 Nb6 12. Qa6 c6 13. Ne5 {1-0 (43) Ruettinger,M (1904)-Thoma,D (1303) Fuerth 2001}) 10... Nb6 (10... c5 $14) 11. Qa6 Nbd5 12. Bd3 ({White should try} 12. Ba3) 12... Nxc3 13. O-O Bxd3 (13... Qd6 $14) 14. Qxd3 Nce4 15. Ba3 Re8 16. Rfc1 a6 (16... e5 $142) 17. Ne5 Nd6 18. Bb4 Nd5 19. Be1 f5 20. f3 Qg5 21. Bd2 Qe7 22. e4 fxe4 23. fxe4 Nb6 24. Nf3 h6 25. Rc6 $18 Red8 26. Rac1 Nb5 27. Be3 Rd6 28. R6c2 Rad8 29. Qb3 R6d7 30. a4 Na3 31. Rc5 Nac4 32. R1xc4 Nxc4 33. Qxc4 Rb8 34. h3 Rb1+ 35. Kh2 Qd6+ 36. Ne5 Rb6 37. a5 Rb5 38. Rc6 1-0

[Event "TUR-ch Veterans 2020"]
[Site "Antalya-Belek"]
[Date "2020.01.22"]
[Round "5"]
[White "Cicek, Cemil"]
[Black "Kocak, Sabri"]
[Result "0-1"]
[ECO "E90"]
[WhiteElo "1940"]
[BlackElo "2086"]
[Annotator "NA"]
[PlyCount "146"]
[EventDate "2020.01.19"]
[EventCountry "TUR"]
[SourceTitle "playchess.com"]
[Source "ChessBase"]
[SourceQuality "1"]
[TimeControl "5400+30"]

1. d4 Nf6 2. c4 g6 3. Nf3 Bg7 4. Nc3 O-O 5. e4 d6 6. Bd3 e5 7. d5 a5 8. O-O Na6 {[%emt 0:00:30] E90: King's Indian: Classical: Early deviations and 6 h3} 9. h3 Nc5 (9... Nh5 10. a3 Bd7 11. Bc2 Nf4 12. Ne2 Nxe2+ 13. Qxe2 a4 14. Be3 b6 15. Nd2 Nc5 16. Nb1 f5 17. exf5 gxf5 {1-0 (39) Xu,X (2567)-Miroshnichenko,E (2597) chess.com INT 2019}) 10. Bc2 Bd7 11. Be3 b6 12. a3 a4 13. Re1 Qe8 14. Qd2 $146 ({Predecessor:} 14. Nd2 Nh5 15. Bg5 f5 16. exf5 gxf5 {0-1 (50) Sawczuk,C (2061)-Dors,J (2135) Poland 1999}) 14... Rb8 15. Bh6 (15. Rad1 $142) 15... b5 {[%emt 0:02:30] [#]} 16. Bxg7 (16. Be3 $1 $16) 16... Kxg7 17. cxb5 Bxb5 18. Rab1 Bd7 19. Qg5 h6 20. Qe3 Nh5 21. Kh2 f5 22. exf5 gxf5 23. Qd2 Qd8 24. g3 f4 25. g4 Nf6 26. Qe2 Kh8 27. Nd2 $2 {[%emt 0:01:30] [#]} (27. Rg1 $17) 27... Nxg4+ $1 28. Kg2 $19 Nf6 29. Qf3 Qe8 30. Kh2 Qh5 31. Qxh5 Nxh5 32. Nde4 Nxe4 33. Bxe4 Nf6 34. Bc2 Ra8 35. Rg1 Rg8 36. Rxg8+ Kxg8 37. Rg1+ Kf7 38. Bg6+ Kf8 39. Bc2 Rb8 40. Rb1 Ra8 41. f3 Ra5 42. Rd1 Ke7 43. Be4 Rc5 44. Rg1 Kf7 45. Bg6+ Kf8 46. Be4 Be8 47. Kg2 Rc4 48. Kf2 Rd4 49. Rd1 Nxe4+ 50. fxe4 Rxd1 51. Nxd1 c6 52. Nc3 cxd5 53. Nxd5 Bc6 54. Nc3 Ke7 55. Kf3 h5 56. h4 Ke6 57. Kf2 Kd7 58. Ke2 Kc7 59. Kd3 Kb6 60. Kc4 Ka5 61. Kd3 Bb5+ 62. Kd2 Bc4 63. Ke1 Bb3 64. Kd2 Kb6 65. Kd3 Kc5 66. Ke2 Kd4 67. Kf3 Kd3 68. Nb5 d5 69. exd5 Bxd5+ 70. Kf2 e4 71. Nc3 e3+ 72. Ke1 Bc6 73. Ne2 f3 0-1

[Event "TUR-ch Veterans 2020"]
[Site "Antalya-Belek"]
[Date "2020.01.22"]
[Round "5"]
[White "Tasan, Mehmet Askin"]
[Black "Karadag, Eflatun Cem"]
[Result "1/2-1/2"]
[ECO "C41"]
[WhiteElo "1877"]
[BlackElo "1801"]
[Annotator "NA"]
[PlyCount "223"]
[EventDate "2020.01.19"]
[EventCountry "TUR"]
[SourceTitle "playchess.com"]
[Source "ChessBase"]
[SourceQuality "1"]
[TimeControl "5400+30"]

1. e4 e5 2. Nf3 d6 3. Bc4 c6 4. d4 Nd7 5. O-O Be7 6. c3 Ngf6 7. Qe2 O-O 8. a4 a5 9. Bg5 h6 10. Bh4 Nh5 11. Bg3 Nxg3 12. hxg3 Bf6 13. Na3 exd4 14. cxd4 Re8 15. Qc2 Qb6 (15... Nb6 $15) 16. Rad1 Qb4 17. Rfe1 $11 Nb6 18. e5 dxe5 19. dxe5 Be7 20. Rd4 Nxc4 21. Rxc4 Qb6 22. Re3 Be6 23. Rcc3 Bb4 24. Nc4 Qc7 25. Rb3 b5 26. Rxb4 axb4 27. Nd6 b3 28. Qc5 Reb8 29. axb5 Ra1+ 30. Kh2 Qb6 31. Qxc6 Qxc6 32. bxc6 Rc1 33. Nd4 Bd5 34. N6f5 Kf8 35. e6 fxe6 36. Nxe6+ Bxe6 37. Rxe6 Rc2 38. Nd4 Rxb2 39. c7 Rc8 40. Rb6 Ke8 41. Rxb3 Rxb3 42. Nxb3 Rxc7 43. Nd4 Ke7 44. g4 Kf6 45. Kg3 Rc3+ 46. f3 g6 47. Ne2 Rc2 48. Nf4 Rd2 49. Nh3 Ke5 50. Nf2 Ra2 51. Nd3+ Kd4 52. Nf2 Ke3 53. Nh3 g5 54. f4 gxf4+ 55. Nxf4 Ke4 56. Nh3 Ke5 57. g5 h5 58. g6 Kf6 59. Nf4 Kg5 60. g7 Ra3+ 61. Kh2 Ra8 62. g3 Kg4 63. Ne6 Rg8 64. Kg2 Kf5 65. Nf4 Kg4 66. Ne6 Kf5 67. Nf4 h4 68. Kf3 hxg3 69. Kxg3 Rxg7+ 70. Kf3 Ra7 71. Nd3 Ra3 72. Ke3 Ke6 73. Kd4 Ra4+ 74. Ke3 Kd5 75. Nf4+ Ke5 76. Nd3+ Kf5 77. Nc5 Rc4 78. Nd3 Re4+ 79. Kd2 Re8 80. Kc3 Ke4 81. Nc5+ Kd5 82. Nd3 Rc8+ 83. Kd2 Kd4 84. Nf4 Ke4 85. Ne2 Rd8+ 86. Kc2 Ke3 87. Nc3 Rc8 88. Kb3 Kd3 89. Nb5 Rc5 90. Kb4 Rh5 91. Nd6 Rd5 92. Nb5 Rd8 93. Kc5 Rc8+ 94. Kd5 Rh8 95. Nd6 Rh5+ 96. Ke6 Kd4 97. Nf5+ Kc5 98. Ke5 Rh1 99. Ke4 Rh8 100. Ke5 Re8+ 101. Kf4 Kd5 102. Ne3+ Kd4 103. Nf5+ Kd3 104. Nd6 Re6 105. Nf5 Re4+ 106. Kf3 Re8 107. Kf4 Re1 108. Ng3 Kc4 109. Nf5 Kd5 110. Ne3+ Ke6 111. Ke4 Rxe3+ 112. Kxe3 1/2-1/2

[Event "TUR-ch Veterans 2020"]
[Site "Antalya-Belek"]
[Date "2020.01.22"]
[Round "5"]
[White "Onem, Cem"]
[Black "Ozates, Veysel"]
[Result "0-1"]
[ECO "D46"]
[WhiteElo "1805"]
[BlackElo "1617"]
[Annotator "NA"]
[PlyCount "50"]
[EventDate "2020.01.19"]
[EventCountry "TUR"]
[SourceTitle "playchess.com"]
[Source "ChessBase"]
[SourceQuality "1"]
[TimeControl "5400+30"]

1. d4 d5 2. c4 c6 3. e3 Nf6 4. Nf3 e6 5. Bd3 dxc4 6. Bxc4 Nbd7 7. O-O Bd6 8. Nc3 O-O 9. e4 b5 10. Bd3 b4 (10... e5 $11) 11. Na4 e5 12. Re1 Re8 13. Bg5 h6 14. Bh4 exd4 $11 15. Nxd4 Qc7 16. Bg3 Bxg3 17. hxg3 Ne5 18. Nf3 Bg4 19. Bf1 Qa5 20. Re3 Bh5 21. Qc2 Bg6 22. Nxe5 Qxe5 23. f3 Qxg3 24. Qxc6 Rac8 25. Qb5 Ng4 0-1

[Event "TUR-ch Veterans 2020"]
[Site "Antalya-Belek"]
[Date "2020.01.22"]
[Round "5"]
[White "Topaloglu, Hayati"]
[Black "Ozmen, Halil Nejat"]
[Result "0-1"]
[ECO "B13"]
[WhiteElo "1750"]
[BlackElo "1789"]
[Annotator "NA"]
[PlyCount "72"]
[EventDate "2020.01.19"]
[EventCountry "TUR"]
[SourceTitle "playchess.com"]
[Source "ChessBase"]
[SourceQuality "1"]
[TimeControl "5400+30"]

1. e4 c6 2. d4 d5 3. exd5 cxd5 4. Bd3 Nc6 5. c3 Nf6 6. Nf3 Bg4 7. Bg5 Ne4 8. Bf4 Qb6 9. Qe2 Bxf3 10. gxf3 Nf6 11. Na3 e6 12. Nb5 Rc8 13. Bd6 Nxd4 14. cxd4 Bxd6 15. Nxd6+ Qxd6 16. Bb5+ Nd7 17. O-O O-O 18. Qd2 a6 19. Bd3 Nf6 20. Kh1 Nh5 21. Qg5 g6 22. Rg1 Nf4 23. Bf1 f6 24. Qh6 Rf7 25. Rg4 e5 26. Re1 Rcf8 27. h4 Qb4 28. Rd1 Qxb2 29. Kg1 Qc2 30. Re1 Qd2 31. dxe5 Ne2+ 32. Rxe2 Qxh6 33. e6 Re7 34. Rd4 Rfe8 35. Bh3 f5 36. Rxd5 Qxh4 0-1

[Event "TUR-ch Veterans 2020"]
[Site "Antalya-Belek"]
[Date "2020.01.22"]
[Round "5"]
[White "Ulusal, Haci Mehmet"]
[Black "Yasin, Hur"]
[Result "0-1"]
[ECO "D40"]
[WhiteElo "1616"]
[BlackElo "1936"]
[Annotator "NA"]
[PlyCount "78"]
[EventDate "2020.01.19"]
[EventCountry "TUR"]
[SourceTitle "playchess.com"]
[Source "ChessBase"]
[SourceQuality "1"]
[TimeControl "5400+30"]

1. d4 Nf6 2. Nf3 e6 3. c4 d5 4. Nc3 c5 5. e3 a6 6. Be2 {[%emt 0:01:30] D40: Queen's Gambit Declined: Semi-Tarrasch with 5 e3} (6. a3 Nc6 7. b3 Be7 8. Bb2 cxd4 9. exd4 O-O 10. Bd3 b6 11. O-O Bb7 12. Re1 h6 13. cxd5 exd5 14. Ne2 Bd6 15. Ng3 Re8 16. Ne5 Bxe5 17. dxe5 Nd7 18. f4 Nc5 19. Nf5 Re6 20. Nxg7 Kxg7 {1-0 (37) Korobov,A (2668)-Mamedov,R (2659) Moscow 2019}) 6... dxc4 7. Bxc4 b5 8. Be2 Bb7 9. O-O Nbd7 10. Ne5 Nxe5 11. dxe5 Qxd1 12. Rxd1 Nd7 $146 ({Predecessor:} 12... Nd5 13. Nxd5 Bxd5 {1-0 (37) Klapp,U (1275)-Lonyuk,B (1147) LSS email 2010}) 13. f4 g5 14. Kf2 b4 (14... c4 $15) 15. Na4 Bc6 16. Bf3 (16. b3 $11) 16... Bxa4 17. b3 O-O-O ({Better is} 17... Rc8 $17 18. bxa4 a5) 18. bxa4 Be7 19. a5 Nb8 20. Bd2 Rd7 21. Rac1 Rhd8 22. Ke1 Rc7 23. Rc4 h6 24. Rdc1 Rdd7 25. g4 $14 Rd3 26. Be4 Ra3 27. Bxb4 Rxe3+ 28. Kf2 Rxe4 29. Rxe4 cxb4 30. Rcc4 Nc6 31. f5 Nxa5 32. Rxc7+ Kxc7 33. Ke2 Kc6 34. Kd3 Kd5 35. Rd4+ Kxe5 36. Rd7 Nc6 37. fxe6 Kxe6 38. Rb7 Ne5+ 39. Ke4 Nxg4 0-1